 Dungeon Sprint DCSS version 0.30-a0-883-g5ad918d77d (webtiles) character file.

Game seed: 11706514522386408038

39904 BigDaddyOpFi the Hill Orc Cataclysm (level 14, -10/131 (144) HPs)
             Began as a Hill Orc Fighter on Mar 17, 2023.
             Was a High Priest of Qazlal.
             Killed by divine providence
             ... invoked by Saint Roka
              (17 damage)
             ... in the Dungeon (Sprint VII: "The Pits").
             The game lasted 00:09:04 (5132 turns).

BigDaddyOpFi the Hill Orc Cataclysm (HOFi)          Turns: 5132, Time: 00:09:05

HP:   -10/131 (144) AC: 40    Str: 24    XL:     14   Next: 8%
MP:   13/31         EV:  6    Int: 11    God:    Qazlal [*****.]
Gold: 47            SH: 16    Dex: 13    Spells: 13/13 levels left

rFire   + . .      SeeInvis .    p - +3 war axe (freeze)
rCold   + . .      Faith    .    c - +0 buckler
rNeg    . . .      Spirit   .    B - +4 gold dragon scales
rPois   +          Reflect  .    A - +1 helmet
rElec   .          Rampage  +    r - +2 cloak
rCorr   .          NoTele   +    x - +1 pair of gloves {hurl}
Will    +....                    y - +1 pair of boots {rampage} Stlth
                                 (no amulet)
HPRegen 0.41/turn                b - +3 ring of intelligence
MPRegen 0.22/turn                d - +3 ring of dexterity

@: protected from physical damage, drained, repel missiles
A: no striking features
a: Renounce Religion, Convert to Beogh, Upheaval, Elemental Force, Disaster Area


You were in the Dungeon.
You worshipped Qazlal.
Qazlal was extremely pleased with you.
You visited 1 branch You collected 47 gold pieces.

Inventory:

Hand Weapons
 p - a +3 war axe of freezing (weapon)
Armour
 c - a +0 buckler (worn)
 r - a +2 cloak (worn)
 x - a +1 pair of gloves of hurling (worn)
 y - a +1 pair of boots of rampaging (worn)
 A - a +1 helmet (worn)
 B - +4 gold dragon scales (worn)
Jewellery
 a - a ring of positive energy
 b - a +3 ring of intelligence (left hand)
 d - a +3 ring of dexterity (right hand)
 j - a ring of poison resistance
Scrolls
 n - 3 scrolls of identify
 s - 4 scrolls of fog
 w - 3 scrolls of fear
Potions
 e - 5 potions of curing
 g - a potion of haste
 h - 2 potions of magic
 i - 5 potions of berserk rage
 k - 2 potions of invisibility
 m - a potion of resistance
 t - 2 potions of brilliance
 u - a potion of might


   Skills:
 + Level 18.9 Fighting
 + Level 20.3 Axes
 + Level 17.5 Armour
 + Level 17.5 Shields
 O Level 27 Invocations


You had 13 spell levels left.
You didn't know any spells.
Your spell library contained the following spells:

 Spells                   Type           Power      Damage    Failure   Level
 Beastly Appendage        Tmut           0%         N/A       100%        1
 Wereblood                Tmut           0%         N/A       100%        2
 Spider Form              Tmut/Pois      0%         N/A       100%        3


Dungeon Overview and Level Annotations

Branches:
Dungeon (1/1)

Altars:
Ashenzari
Cheibriados
Dithmenos
Elyvilon
Fedhas
Gozag
Hepliaklqana
Kikubaaqudgha
Makhleb
Nemelex Xobeh
Okawaru
Qazlal
Ru
Sif Muna
Trog
Uskayaw
Vehumet
Wu Jian
Xom
Yredelemnul
Zin
The Shining One
Beogh
Jiyva
Lugonu

Annotations:
D Donald, Saint Roka


Message History

You hear an angry hiss.
The ophan is struck by lightning.
Saint Roka calls down the wrath of Beogh upon you.
Beogh smites you!
* * * LOW HITPOINT WARNING * * *
You block the alligator snapping turtle's attack.
Unknown command.
You don't have enough magic at the moment.
Okay, then.
Saint Roka invokes the aid of Beogh against you.
Beogh smites you!
* * * LOW HITPOINT WARNING * * *
The alligator snapping turtle bites you from afar!
* * * LOW HITPOINT WARNING * * *
You feel much better.
Saint Roka calls down the wrath of Beogh upon you.
Beogh smites you!
* * * LOW HITPOINT WARNING * * *
Donald says, "I bet the Orb isn't even all that great."
You block the alligator snapping turtle's attack.
You feel much better.
Donald says, "Must be pretty hard to see through all that dust."
Saint Roka invokes the aid of Beogh against you.
Beogh smites you!
* * * LOW HITPOINT WARNING * * *
Okay, then.
Magic courses through your body.
Saint Roka hits you with a +1 great mace of draining!!
* * * LOW HITPOINT WARNING * * *
You feel more protected from physical attacks.
You feel drained.
* * * LOW HITPOINT WARNING * * *
You block the alligator snapping turtle's attack.
Activating: Elemental Force (0% risk of failure)
Press: ? - help, Dir - look around, f - activate Clouds arounds you coalesce and take form!
Saint Roka threatens, "By the altar or by the axe, you will meet Beogh!"
Saint Roka mumbles some strange prayers to Beogh against you.
Beogh smites you!
You die...

#..################..##..#....#.
#..# #)# #..##......... #..# #≈#
#..##......... #..# #E#
#..####''####' #..# #)#
##..####''####' #..#
#G#@#.≈##......##.
#..#############t##≈≈##.#'##.##.
##.......≈≈..≈E≈§o§...##.#))+.##.
##............EE@§§.≈.##.'[[# ##.
###########++###########.#).+ #.
###########++###########.+.)# #.
##................##..## ##+# #.
##......#..#......##..# #.
##................''..# #.
.'................''..##########.
##......#..#......##)..)....[....
##.........)).....##...))........


You could see Saint Roka (ally target), an alligator snapping turtle (ally
target), Donald (fast, strong), 2 friendly fire elementals and a friendly air
elemental (summoned).

Vanquished Creatures
  A nagaraja (D)
  A frost giant (D)
  A ghost moth (D)
  An emperor scorpion (D)
  3 orc warlords (D)
  An angel (D)
  A minotaur (D)
  2 merfolk javelineers (D)
  A yaktaur captain (D)
  4 vault guards (D)
  2 two-headed ogres (D)
  A death yak (D)
  4 naga warriors (D)
  A spriggan berserker (D)
  2 deep elf knights (D)
  A shadow wraith (D)
  An iron troll (D)
  A spriggan druid (D)
  A flayed ghost (D)
  A swamp dragon (D)
  A wizard (D)
  10 orc knights (D)
  A bog body (D)
  A lindwurm (D)
  A deep elf pyromancer (D)
  5 harpies (D)
  A phantasmal warrior (D)
  3 deep elf zephyrmancers (D)
  2 black mambas (D)
  A rust devil (D)
  A molten gargoyle (D)
  An elephant (D)
  A demonic crawler (D)
  A gargoyle (D)
  An ice devil (D)
  2 yaktaurs (D)
  A tyrant leech (D)
  4 merfolk (D)
  A hornet (D)
  A hornet (shapeshifter) (D)
  7 dream sheep (D)
  A jumping spider (D)
  An air elemental (D)
  A wyvern (D)
  A basilisk (D)
  6 vampire mosquitoes (D)
  A redback (D)
  A ynoxinul (D)
  2 chaos spawn (D)
  A steam dragon (D)
  2 nagas (D)
  A water moccasin (D)
  A sky beast (D)
  2 centaurs (D)
  2 small abominations (D)
  A gnoll sergeant (D)
  A scorpion (D)
  4 wights (D)
  An iron imp (D)
  3 orc priests (D)
  A gnoll bouda (D)
  2 orc wizards (D)
  A mummy (D)
  5 gnolls (D)
  An adder (D)
  A river rat (D)
  2 white imps (D)
  An ufetubus (D)
  4 orcs (D)
  2 ball pythons (D)
  A bat (D)
  A bat zombie (D)
  An endoplasm (D)
  2 giant cockroaches (D)
  A goblin (D)
  2 hobgoblins (D)
  A ball python simulacrum (D)
  A ball python zombie (D)
  A frilled lizard (D)
  A giant cockroach zombie (D)
  A rat (D)
144 creatures vanquished.

Vanquished Creatures (collateral kills)
  A sea snake (D)
  A red devil (D)
  A troll (D)
3 creatures vanquished.

Grand Total: 147 creatures vanquished

Notes
Turn   | Place    | Note
-------+----------+-------------------------------------------
     0 | D        | BigDaddyOpFi the Hill Orc Fighter began the quest for the
                  | Orb.
     0 | D        | Reached XP level 1. HP: 19/19 MP: 1/1
    14 | D        | Reached XP level 2. HP: 19/28 MP: 2/2
    18 | D        | Found a bloodstained altar of Trog.
    18 | D        | Found a shimmering blue altar of Sif Muna.
    18 | D        | Found a viscous altar of Jiyva.
    18 | D        | Found a hazy altar of Hepliaklqana.
    18 | D        | Found an opulent altar of Gozag.
    19 | D        | Found a glowing golden altar of the Shining One.
    19 | D        | Found a glowing silver altar of Zin.
    19 | D        | Found a basalt altar of Yredelemnul.
    19 | D        | Found a shimmering altar of Xom.
    19 | D        | Found an ornate altar of the Wu Jian Council.
    19 | D        | Found a sacrificial altar of Ru.
    19 | D        | Found a stormy altar of Qazlal.
    19 | D        | Found an iron altar of Okawaru.
    19 | D        | Found a sparkling altar of Nemelex Xobeh.
    19 | D        | Found a burning altar of Makhleb.
    19 | D        | Found a blossoming altar of Fedhas.
    19 | D        | Found a white marble altar of Elyvilon.
    19 | D        | Found a shadowy altar of Dithmenos.
    19 | D        | Found a snail-covered altar of Cheibriados.
    20 | D        | Found a radiant altar of Vehumet.
    20 | D        | Found a corrupted altar of Lugonu.
    20 | D        | Found a roughly hewn altar of Beogh.
    21 | D        | Found an ancient bone altar of Kikubaaqudgha.
    21 | D        | Found a hide-covered altar of Uskayaw.
    21 | D        | Found a broken altar of Ashenzari.
    24 | D        | Became a worshipper of Qazlal Stormbringer
    52 | D        | Reached skill level 1 in Invocations
    57 | D        | Reached * piety under Qazlal
    78 | D        | Reached ** piety under Qazlal
    79 | D        | Reached skill level 2 in Invocations
    81 | D        | Reached skill level 3 in Invocations
    81 | D        | Reached XP level 3. HP: 26/35 MP: 3/5
   140 | D        | Noticed a sky beast
   155 | D        | Killed a sky beast
   156 | D        | Reached skill level 5 in Axes
   156 | D        | Reached skill level 5 in Armour
   156 | D        | Reached skill level 5 in Shields
   156 | D        | Reached skill level 6 in Invocations
   156 | D        | Reached XP level 4. HP: 36/44 MP: 5/8
   156 | D        | Reached XP level 5. HP: 41/50 MP: 5/9
   295 | D        | Noticed a water moccasin
   303 | D        | Reached *** piety under Qazlal
   309 | D        | Killed a water moccasin
   310 | D        | Reached skill level 8 in Invocations
   310 | D        | Reached XP level 6. HP: 34/60 MP: 9/12
   322 | D        | Reached skill level 9 in Invocations
   652 | D        | Reached **** piety under Qazlal
   655 | D        | Noticed an ice devil
   674 | D        | Killed an ice devil
   675 | D        | Reached skill level 11 in Invocations
   675 | D        | Reached XP level 7. HP: 33/69 MP: 12/15
   686 | D        | Reached ***** piety under Qazlal
   890 | D        | Noticed a death yak
   890 | D        | Noticed a black mamba
   891 | D        | Killed a black mamba
   892 | D        | Reached skill level 12 in Invocations
   892 | D        | Reached XP level 8. HP: 78/78 MP: 7/17
   892 | D        | Killed a death yak
   893 | D        | Reached skill level 10 in Fighting
   893 | D        | Reached skill level 10 in Axes
   893 | D        | Reached skill level 14 in Invocations
  1126 | D        | Noticed a hornet
  1132 | D        | Paralysed by a hornet for 3 turns
  1137 | D        | Paralysed by a hornet for 2 turns
  1139 | D        | Killed a hornet
  1140 | D        | Reached XP level 9. HP: 35/86 MP: 19/19
  1142 | D        | Noticed a lindwurm
  1157 | D        | HP: 4/86 [lindwurm/blast of flame (24)]
  1160 | D        | Killed a lindwurm
  1160 | D        | Reached ****** piety under Qazlal
  1161 | D        | Reached skill level 10 in Armour
  1161 | D        | Reached skill level 10 in Shields
  1161 | D        | Reached skill level 15 in Invocations
  1167 | D        | Noticed a demonic crawler
  1170 | D        | Killed a shadow wraith
  1171 | D        | Reached skill level 16 in Invocations
  1183 | D        | Killed a demonic crawler
  1184 | D        | Reached XP level 10. HP: 37/97 MP: 3/22
  1427 | D        | Reached skill level 17 in Invocations
  1439 | D        | Noticed a sea snake
  1441 | D        | Killed a sea snake
  1442 | D        | Reached skill level 18 in Invocations
  1755 | D        | Noticed a molten gargoyle
  1772 | D        | Killed a molten gargoyle
  2123 | D        | Reached XP level 11. HP: 93/107 MP: 24/24
  2244 | D        | Noticed a deep elf zephyrmancer
  2245 | D        | Killed a deep elf zephyrmancer
  2246 | D        | Reached skill level 19 in Invocations
  2407 | D        | Noticed a deep elf pyromancer
  2407 | D        | Noticed a deep elf zephyrmancer
  2408 | D        | Killed a deep elf pyromancer
  2408 | D        | Killed a deep elf zephyrmancer
  2551 | D        | Noticed a phantasmal warrior
  2558 | D        | Killed a phantasmal warrior
  2559 | D        | Reached skill level 20 in Invocations
  2763 | D        | Noticed a two-headed ogre
  2763 | D        | Noticed a swamp dragon
  2764 | D        | Noticed a bog body
  2765 | D        | Noticed a spriggan druid
  2765 | D        | Noticed a minotaur
  2767 | D        | Killed a two-headed ogre
  2767 | D        | Killed a swamp dragon
  2767 | D        | Killed a spriggan druid
  2767 | D        | Killed a bog body
  2768 | D        | Reached skill level 15 in Axes
  2768 | D        | Reached skill level 21 in Invocations
  2768 | D        | Killed a minotaur
  3001 | D        | Noticed a merfolk javelineer
  3002 | D        | Noticed a naga warrior
  3004 | D        | Noticed a naga warrior
  3005 | D        | Killed a naga warrior
  3005 | D        | Killed a merfolk javelineer
  3006 | D        | Reached skill level 15 in Fighting
  3006 | D        | Reached XP level 12. HP: 119/119 MP: 17/26
  3028 | D        | Killed a naga warrior
  3029 | D        | Reached skill level 22 in Invocations
  3143 | D        | Killed a ghost moth
  3482 | D        | Noticed a frost giant
  3486 | D        | Killed a frost giant
  3648 | D        | Paralysed by a hornet for 1 turns
  3663 | D        | Reached skill level 23 in Invocations
  3927 | D        | Noticed an emperor scorpion
  3947 | D        | Killed an emperor scorpion
  3948 | D        | Reached skill level 15 in Armour
  3948 | D        | Reached skill level 15 in Shields
  4386 | D        | Noticed a merfolk javelineer
  4386 | D        | Noticed an orc warlord
  4386 | D        | Killed an orc warlord
  4386 | D        | Killed a merfolk javelineer
  4450 | D        | Noticed an angel
  4450 | D        | Noticed an orc warlord
  4451 | D        | Noticed an orc warlord
  4451 | D        | Killed an orc warlord
  4451 | D        | Killed an orc warlord
  4451 | D        | Killed an angel
  4452 | D        | Reached skill level 25 in Invocations
  4452 | D        | Reached XP level 13. HP: 123/132 MP: 19/29
  4462 | D        | Noticed a vault guard
  4464 | D        | Noticed a vault guard
  4468 | D        | Killed a vault guard
  4468 | D        | Killed a vault guard
  4495 | D        | Noticed a vault guard
  4500 | D        | Killed a vault guard
  4500 | D        | Noticed a vault guard
  4507 | D        | Killed a vault guard
  4508 | D        | Noticed a yaktaur captain
  4511 | D        | Killed a yaktaur captain
  4512 | D        | Reached skill level 26 in Invocations
  4624 | D        | Noticed a nagaraja
  4634 | D        | Killed a nagaraja
  5106 | D        | Noticed Donald
  5107 | D        | Noticed a fire giant
  5108 | D        | Reached skill level 27 in Invocations
  5108 | D        | Reached XP level 14. HP: 139/144 MP: 22/31
  5111 | D        | Identified the +1 plate armour of Panentheism {rPois rF+
                  | rC+ Int+2}
  5112 | D        | Noticed Saint Roka
  5112 | D        | Noticed an ophan
  5131 | D        | HP: 6/131 [Saint Roka/+1 great mace of draining (5)]
  5132 | D        | Killed from afar by Saint Roka

Illustrated notes

Levels and vault maps discovered:
D:        pitsprint [storerooms_1, entrance_room_1, metal_vault_5, armoury_2,
          mini_pit_1, grid_room_1, main_hall_1, silver_pit, the_coven_3,
          the_vestibule_1, steel_vault_5, golden_pit, hallway_of_sentries,
          crystal_vault_1, iron_vault_1, final_vault]

Skill      XL: |  1  2  3  4  5  6  7  8  9 10 11 12 13 |
---------------+----------------------------------------+-----
Fighting       | 4 6 7 8 9 10 11 13 15 17 18 | 18.9
Axes           | 3 4 5 7 8 9 10 12 14 16 18 20 | 20.3
Armour         | 4 5 6 7 8 9 10 12 14 16 17 | 17.5
Shields        | 4 5 6 7 8 9 10 12 14 16 17 | 17.5
Invocations    | 3 6 8 11 12 14 16 18 21 25 27 | 27.0

Action                     |  1- 3 |  4- 6 |  7- 9 | 10-12 | 13-15 || total
---------------------------+-------+-------+-------+-------+-------++-------
  Melee: War axe           |    25 |    42 |    34 |   119 |    61 ||   281
 Invoke: Disaster Area     |       |       |     3 |    13 |     7 ||    23
         Upheaval          |       |       |     1 |       |       ||     1
         Elemental Force   |       |       |     1 |     2 |     1 ||     4
    Use: Potion            |     1 |     3 |     7 |     7 |     8 ||    26
         Scroll            |       |       |     1 |     2 |     2 ||     5
   Stab: Paralysed         |       |       |       |     3 |       ||     3
 Armour: Scale mail        |     9 |       |       |       |       ||     9
         Plate armour      |     4 |    24 |    40 |    81 |     8 ||   157
         Gold dragon scale |       |       |       |       |    13 ||    13
  Dodge: Dodged            |    12 |     8 |    10 |    35 |    16 ||    81
         Repelled          |       |       |     1 |       |       ||     1
  Block: Buckler           |     9 |    18 |    38 |   123 |    48 ||   236

Table legend: (Time is in decaauts)
 A = Elapsed time spent in this place.
 B = Non-inter-level travel time spent in this place.
 C = Inter-level travel time spent in this place.
 D = Time resting spent in this place.
 E = Time spent auto-exploring this place.
 F = Levels seen in this place.
 G = Mean time per level.
                   A        B        C        D        E       F      G
               +--------+--------+--------+--------+--------+-----+--------+
         Total |   5113 |   4999 |    114 |   3787 |      0 |   1 | 5113.0 |
       Dungeon |   5113 |   4999 |    114 |   3787 |      0 |   1 | 5113.0 |
               +--------+--------+--------+--------+--------+-----+--------+

Top non-repeatable levels by time:
       D: 5113 daAuts
